 Dungeon Crawl Stone Soup version 0.21-a0-442-g848f44b (webtiles) character file.

16534 tof the Cruncher (level 12, -1/94 HPs)
             Began as a Demonspawn Gladiator on Nov 12, 2017.
             Was a High Priest of Okawaru.
             Slain by a manticore (18 damage)
             ... on level 11 of the Dungeon.
             The game lasted 00:50:02 (13514 turns).

tof the Cruncher (Demonspawn Gladiator)            Turns: 13514, Time: 00:50:02

Health: -1/94      AC: 18    Str: 20    XL:     12   Next: 10%
Magic:  0/12       EV: 17    Int: 10    God:    Okawaru [*****.]
Gold:   647        SH:  0    Dex: 24    Spells: 11/11 levels left

rFire    + . .     SeeInvis .   a - +3 quarterstaff (chaos)
rCold    . . .     Gourm    .   (shield currently unavailable)
rNeg     + . .     Faith    .   F - +6 scale mail "Xetrom" {rPois rN+}
rPois    +         Spirit   +   (helmet restricted)
rElec    .         Reflect  .   Q - +0 cloak
rCorr    .         Harm     .   k - +0 pair of gloves
MR       .....                  (no boots)
Stlth    +++.......             y - amulet of guardian spirit
HPRegen  0.25/turn              q - +5 ring of strength
MPRegen  0.13/turn              R - +5 ring of dexterity

@: barbed spikes
A: antennae 2, yellow scales 1, fire resistance 1, nightstalker 2
a: Heroism, Finesse, Renounce Religion


You were on level 11 of the Dungeon.
You worshipped Okawaru.
Okawaru was extremely pleased with you.
You were hungry.

You visited 2 branches of the dungeon, and saw 12 of its levels.
You also visited: Sewer and Ossuary.

You collected 647 gold pieces.

Inventory:

Hand Weapons
 a - a +3 quarterstaff of chaos (weapon)
 b - the +11 hunting sling of the Enchanted Forest {flame, MR+ Str+4}
   (You took it off an orc on level 6 of the Dungeon)

   It causes projectiles fired from it to burn those they strike, causing extra
   injury to most foes and up to half again as much damage against particularly
   susceptible opponents.
   It affects your strength (+4).
   It affects your resistance to hostile enchantments.
 U - a +0 quarterstaff
Armour
 k - a +0 pair of gloves (worn)
 F - the +6 scale mail "Xetrom" (worn) {rPois rN+}
   (You found it on level 9 of the Dungeon)

   It protects you from poison.
   It protects you from negative energy.
 Q - a +0 cloak (worn)
Magical Staves
 r - an uncursed staff of fire
Jewellery
 q - a +5 ring of strength (left hand)
 u - an uncursed ring of positive energy
 y - an amulet of guardian spirit (around neck)
 B - an uncursed ring of ice
 J - an uncursed ring of resist corrosion
 N - an uncursed ring of flight
 R - a +5 ring of dexterity (right hand)
 X - an uncursed amulet of the gourmand {unknown}
Wands
 d - a wand of polymorph (4/24)
 L - a wand of digging (11/24)
 S - a wand of confusion (26/48)
 T - a wand of digging (14/24)
 V - a wand of paralysis (10/24)
Scrolls
 c - 4 scrolls of magic mapping
 e - 3 scrolls of enchant weapon
 l - 6 scrolls of amnesia
 v - 3 scrolls of recharging
 w - 7 scrolls of teleportation
 A - a scroll of fog
 C - 2 scrolls of fear
 I - 7 scrolls of remove curse
 Y - 3 scrolls of blinking
Potions
 h - 4 potions of heal wounds
 i - a potion of resistance {unknown}
 j - 3 potions of cancellation {unknown}
 n - 4 potions of lignification {unknown}
 o - 4 potions of brilliance {unknown}
 s - 3 potions of mutation {unknown}
 t - 2 potions of flight {unknown}
 x - 3 potions of curing {unknown}
 z - 4 potions of haste {unknown}
 E - 5 potions of might
 G - 2 potions of invisibility
 H - a potion of agility {unknown}
 K - a potion of ambrosia
 M - a potion of berserk rage
 P - a potion of magic
Comestibles
 g - 6 meat rations
 m - 4 fruits
 D - 8 royal jellies
 O - 8 bread rations
 W - 18 chunks of flesh


   Skills:
 + Level 8.5 Fighting
 * Level 11.1 Staves
 * Level 6.7(6.8) Slings
 - Level 1.7(4.5) Throwing
 + Level 7.6 Armour
 + Level 8.2 Dodging


You had 11 spell levels left.
You didn't know any spells.

Dungeon Overview and Level Annotations

Branches:
Dungeon (11/15)            Temple (1/1) D:4             Orc (0/2) D:9
   Lair: D:8-11

Altars:
Dithmenos
Elyvilon
Gozag
Hepliaklqana
Kikubaaqudgha
Nemelex Xobeh
Okawaru
Qazlal
Sif Muna
Trog
Uskayaw
Yredelemnul

Shops:
D:4 (


Innate Abilities, Weirdness & Mutations

You have a pair of antennae on your head.
You are partially covered in yellow scales. (AC +2)
Your flesh is heat resistant. (rF+)
You are significantly more attuned to the shadows.


Message History

The kobold shoots a poisoned needle.
You sock something!
You feel better. Something bites you but does no damage. Something claws you.
Something claws you but does no damage.
You hit something. You burn something. Something bites you!!
Something claws you but does no damage. Something claws you.
The kobold shoots a poisoned needle.
You closely miss something. Something bites you but does no damage.
Something claws you but does no damage. x2; Something bites you.
Something claws you but does no damage. Something claws you!!
* * * LOW HITPOINT WARNING * * *
You sock something! You freeze something.
Something bites you but does no damage. Something claws you!
* * * LOW HITPOINT WARNING * * *
Something claws you.
* * * LOW HITPOINT WARNING * * *
It was a potion of heal wounds.
You feel much better. Something closely misses you. Something claws you.
* * * LOW HITPOINT WARNING * * *
Something claws you!!
You die...

# # # ##### ....# ....#
....# ....# ###########
....# ####..(@...(..
....######....##{######
....'..>...#####Ko#
....######## .(.(.
<...# ..(..... ....#
...(((.P) #####
.P........


You could see an orc and a kobold.

Vanquished Creatures
  Josephine (D:11)
  Fannar (D:11)
  3 two-headed ogres
  A centaur warrior (D:8)
  A manticore (D:8)
  Maurice (D:8)
  A gargoyle (D:10)
  A troll (D:9)
  A hornet (D:10)
  2 hippogriffs
  3 wraiths (D:11)
  12 yaks
  A vampire (D:11)
  A wyvern (D:9)
  A human (D:7)
  2 basilisks (D:11)
  4 hogs (D:7)
  Grum (D:11)
  Menkaure (D:5)
  11 orc warriors
  4 ice beasts
  2 sky beasts
  2 black bears
  3 phantoms
  An eye of draining (D:9)
  2 wolves (D:11)
  6 ogres
  The ghost of tof the Twirler, an amateur DsGl (D:4)
  7 centaurs
  A big kobold (D:11)
  5 bullfrogs
  A gnoll sergeant (D:11)
  3 scorpions
  A water moccasin zombie (Ossuary)
  2 wyvern skeletons
  2 water moccasin skeletons
  12 killer bees
  2 jellies
  2 vampire bats (D:4)
  3 crimson imps
  3 centaur zombies
  4 bullfrog zombies
  8 orc priests
  5 hounds
  Crazy Yiuf (D:6)
  A centaur skeleton (D:8)
  A bullfrog skeleton (D:11)
  7 orc wizards
  11 mummies (Ossuary)
  9 worker ants
  Terence (D:2)
  3 iguanas
  Natasha (twice) (D:2)
  2 killer bee zombies (Ossuary)
  3 hound skeletons
  3 worker ant zombies
  15 gnolls
  16 adders
  2 river rats (D:6)
  A shadow imp (D:8)
  An ooze (D:2)
  4 adder zombies (Ossuary)
  An adder skeleton (D:8)
  5 worms
  3 dart slugs
  5 leopard geckos
  40 orcs
  A bat (D:2)
  5 bat skeletons (D:4)
  7 giant cockroaches
  2 gnoll zombies (D:8)
  3 goblins
  11 hobgoblins
  16 jackals
  4 quokkas
  3 ball pythons
  5 frilled lizards
  14 kobolds
  4 leopard gecko zombies
  A quokka skeleton (D:5)
  6 rats
351 creatures vanquished.

Vanquished Creatures (others)
  A fungus (D:11)
  2 plants (Sewer)
  2 withered plants (Ossuary)
5 creatures vanquished.

Grand Total: 356 creatures vanquished

Notes
Turn   | Place    | Note
-------+----------+-------------------------------------------
     0 | D:1      | tof the Demonspawn Gladiator began the quest for the Orb.
     0 | D:1      | Reached XP level 1. HP: 16/16 MP: 1/1
   200 | D:1      | Gained mutation: Your flesh is heat resistant. (rF+) [demonic ancestry]
   200 | D:1      | Reached XP level 2. HP: 19/22 MP: 2/2
   315 | D:1      | Reached skill level 3 in Staves
   865 | D:2      | Found a shadowy altar of Dithmenos.
   904 | D:2      | You fall through a shaft!
   972 | D:2      | Reached XP level 3. HP: 27/28 MP: 3/3
  1003 | D:2      | Noticed Natasha
  1011 | D:2      | Killed Natasha
  1011 | D:2      | Reached skill level 1 in Armour
  1341 | D:2      | Found a faded altar of an unknown god.
  1424 | D:2      | Gained mutation: You are slightly more attuned to the shadows. [demonic ancestry]
  1424 | D:2      | Reached XP level 4. HP: 14/34 MP: 4/4
  1897 | D:2      | Noticed Terence
  1921 | D:2      | Killed Terence
  2173 | D:2      | Noticed Natasha
  2181 | D:2      | Killed Natasha
  2181 | D:2      | Reached skill level 4 in Staves
  2181 | D:2      | Gained mutation: You have a pair of small antennae on your head. [demonic ancestry]
  2181 | D:2      | Reached XP level 5. HP: 34/40 MP: 5/5
  2715 | D:3      | Found a sparkling altar of Nemelex Xobeh.
  2984 | D:3      | Found a deep blue altar of Sif Muna.
  3412 | D:4      | Noticed a phantom
  3447 | D:4      | Killed a phantom
  3447 | D:4      | Reached XP level 6. HP: 26/47 MP: 6/6
  3554 | D:4      | Found an ancient bone altar of Kikubaaqudgha.
  3623 | D:4      | Noticed tof's ghost (amateur DsGl)
  3639 | D:4      | Killed tof's ghost
  3639 | D:4      | Reached skill level 5 in Staves
  3647 | D:4      | Found a sand-covered staircase.
  3652 | Ossuary  | Entered an ossuary
  3673 | Ossuary  | Reached XP level 7. HP: 44/53 MP: 7/7
  4432 | D:4      | Found a staircase to the Ecumenical Temple.
  4440 | Temple   | Entered the Ecumenical Temple
  4459 | Temple   | Became a worshipper of Warmaster Okawaru
  4552 | D:4      | Found Yry Fomp's Weapon Shoppe.
  4565 | D:4      | Reached XP level 8. HP: 61/61 MP: 8/8
  4670 | D:4      | Found a white marble altar of Elyvilon.
  4676 | D:4      | Found a stormy altar of Qazlal.
  4869 | D:5      | Entered Level 5 of the Dungeon
  4887 | D:5      | Reached skill level 6 in Staves
  4977 | D:5      | Noticed Menkaure
  4988 | D:5      | Killed Menkaure
  5007 | D:5      | Reached skill level 5 in Dodging
  5220 | D:5      | Reached skill level 5 in Fighting
  5939 | D:6      | Reached * piety under Okawaru
  5954 | D:6      | Found a glowing drain.
  5968 | Sewer    | Entered a sewer
  6310 | Sewer    | Reached skill level 7 in Staves
  6841 | D:6      | Found a hide-covered altar of Uskayaw.
  7092 | D:6      | Got an encrusted hunting sling
  7156 | D:6      | Gained mutation: You are partially covered in yellow scales. (AC +2) [demonic ancestry]
  7156 | D:6      | Reached XP level 9. HP: 66/68 MP: 7/9
  7425 | D:6      | Found a runed door.
  7429 | D:6      | Noticed Crazy Yiuf
  7436 | D:6      | Killed Crazy Yiuf
  8282 | D:7      | Identified the +11 hunting sling of the Enchanted Forest {flame, MR+ Str+4} (You took it off an orc on level 6 of the Dungeon)
  8662 | D:7      | Reached skill level 5 in Armour
  8666 | D:7      | Reached ** piety under Okawaru
  8666 | D:7      | Reached skill level 8 in Staves
  8666 | D:7      | Reached skill level 1 in Slings
  9234 | D:7      | Reached *** piety under Okawaru
  9386 | D:8      | Gained mutation: You are significantly more attuned to the shadows. [demonic ancestry]
  9386 | D:8      | Reached XP level 10. HP: 69/77 MP: 10/10
  9465 | D:8      | Noticed a manticore
  9469 | D:8      | Killed a manticore
  9596 | D:8      | Found a basalt altar of Yredelemnul.
  9652 | D:8      | Noticed Maurice
  9669 | D:8      | Killed Maurice
  9669 | D:8      | Reached skill level 9 in Staves
  9962 | D:8      | Noticed a centaur warrior
  9974 | D:8      | Killed a centaur warrior
  9974 | D:8      | Reached **** piety under Okawaru
 10131 | D:8      | Found a hazy altar of Hepliaklqana.
 10480 | D:9      | Got an ancient scale mail
 10491 | D:9      | Identified the +6 scale mail "Xetrom" {rPois rN+} (You found it on level 9 of the Dungeon)
 10518 | D:9      | Noticed a two-headed ogre
 10548 | D:9      | Killed a two-headed ogre
 10636 | D:9      | Found a deep blue altar of Sif Muna.
 10797 | D:9      | Received a gift from Okawaru
 10839 | D:9      | Reached XP level 11. HP: 78/84 MP: 11/11
 11096 | D:9      | Reached skill level 10 in Staves
 11097 | D:9      | Noticed a two-headed ogre
 11101 | D:9      | Killed a two-headed ogre
 11101 | D:9      | Reached ***** piety under Okawaru
 11101 | D:9      | Received a gift from Okawaru
 11125 | D:9      | Found a staircase to the Orcish Mines.
 11477 | D:10     | Entered Level 10 of the Dungeon
 11637 | D:10     | Noticed a two-headed ogre
 11640 | D:10     | Killed a two-headed ogre
 11640 | D:10     | Reached skill level 5 in Slings
 12911 | D:11     | Noticed Grum
 12915 | D:11     | Killed Grum
 12968 | D:11     | Noticed Fannar
 12979 | D:11     | Killed Fannar
 12979 | D:11     | Received a gift from Okawaru
 13454 | D:11     | Noticed Josephine
 13466 | D:11     | Killed Josephine
 13466 | D:11     | Reached skill level 11 in Staves
 13466 | D:11     | Gained mutation: You have a pair of antennae on your head. [demonic ancestry]
 13466 | D:11     | Reached XP level 12. HP: 90/94 MP: 4/12
 13513 | D:11     | HP: 4/94 [something (9)]
 13514 | D:11     | Slain by a manticore

Vault maps used:
D:1:      lightli_arrival_statue_moat
D:2:      grunt_dithmenos_smoke_and_mirrors, chequers_ecumenical_altar_grove,
          kennysheep_generic_room_15, uniq_natasha, uniq_terence
D:3:      led_sif_book, nemelex_xobeh_ov_fountains_minmay
D:4:      nicolae_qazlal_eye_of_the_storm, kennysheep_vampire_church,
          overflow_temple_1_default, temple_statues,
          nicolae_ossuary_entry_ruins, serial_shops, shop
D:5:      first_bread, kennysheep_opposing_triangles, uniq_menkaure
D:6:      nicolae_overflow_hidden_temple, lightli_sewer_entry_pipes,
          uniq_crazy_yiuf_cottage
D:7:      grunt_livestock, st_stairs_14
D:8:      lemuel_zombie_altar_yredelemnul, kennysheep_little_box,
          hangedman_abyss_or_decor_clamps, small_chamber_with_monster,
          wad_dig_loot, uniq_maurice
D:9:      kennysheep_orc_sif_temple, orc_0_dummy
D:11:     david_lair_generic, uniq_josephine, uniq_fannar, uniq_grum
Temple:   jpeg_temple_clearing
Sewer:    sewer_co_scattered_pipes
Ossuary:  ossuary_zaba_flooded

Skill      XL: |  1  2  3  4  5  6  7  8  9 10 11 |
---------------+----------------------------------+-----
Staves         | 3 4 5 7 8 9 11 | 11.1
Dodging        | 3 4 5 6 7 8 |  8.2
Armour         | 1 2 3 4 5 6 7 |  7.6
Fighting       | 3 4 5 6 7 8 |  8.5
Slings         | 2 4 6 |  6.7
Throwing       | |  1.7

Action                   |  1- 3 |  4- 6 |  7- 9 | 10-12 || total
-------------------------+-------+-------+-------+-------++-------
Melee: Quarterstaff      |    82 |   167 |   501 |   102 ||   852
 Fire: Blowgun           |       |       |     1 |       ||     1
       Hunting sling     |       |       |    53 |   393 ||   446
Throw: Tomahawk          |     3 |     3 |    48 |     6 ||    60
       Throwing net      |     1 |       |     2 |     1 ||     4
Invok: Heroism           |       |       |       |     2 ||     2
       Finesse           |       |       |       |     1 ||     1
Evoke: Wand              |       |       |       |     1 ||     1
  Use: Scroll            |       |       |    13 |     5 ||    18
       Potion            |       |       |       |     1 ||     1
 Stab: Sleeping          |       |     2 |       |       ||     2
       Held in net/web   |       |       |     1 |       ||     1
       Paralysed         |       |       |     1 |       ||     1
       Petrified         |       |       |       |     1 ||     1
  Eat: Chunk             |     1 |     4 |     9 |    13 ||    27
       Bread ration      |       |     1 |     2 |       ||     3
Armor: Leather armour    |     7 |       |       |       ||     7
       Ring mail         |    11 |    12 |       |       ||    23
       Scale mail        |       |    50 |   174 |    79 ||   303
       Chain mail        |       |       |    46 |    51 ||    97
Dodge: Dodged            |    58 |   101 |   301 |   175 ||   635

Table legend:
 A = Spawn XP
 B = Non-spawn XP
 C = Spawn XP percentage of total XP
 D = Spawn monster count
 E = Non-spawn monster count
 F = Spawn count percentage of total count
 G = Total turns spent on level
                    A         B        C        D         E        F      G
               +---------+---------+-------+---------+---------+-------+---------
         Total |       0 |   23621 |   0.0 |       0 |     351 |   0.0 | 13514
               +---------+---------+-------+---------+---------+-------+---------
           D:1 |       0 |      60 |   0.0 |       0 |      18 |   0.0 |  1382
           D:2 |       0 |     180 |   0.0 |       0 |      20 |   0.0 |  1030
           D:3 |       0 |      82 |   0.0 |       0 |      11 |   0.0 |   994
           D:4 |       0 |     441 |   0.0 |       0 |      19 |   0.0 |   958
           D:5 |       0 |     757 |   0.0 |       0 |      19 |   0.0 |   987
           D:6 |       0 |     616 |   0.0 |       0 |      20 |   0.0 |  1141
           D:7 |       0 |    2477 |   0.0 |       0 |      37 |   0.0 |  1281
           D:8 |       0 |    2988 |   0.0 |       0 |      31 |   0.0 |  1045
           D:9 |       0 |    4241 |   0.0 |       0 |      32 |   0.0 |  1079
          D:10 |       0 |    3324 |   0.0 |       0 |      23 |   0.0 |   917
          D:11 |       0 |    7678 |   0.0 |       0 |      71 |   0.0 |  1120
         Sewer |       0 |     109 |   0.0 |       0 |      25 |   0.0 |   799
       Ossuary |       0 |     668 |   0.0 |       0 |      25 |   0.0 |   745
               +---------+---------+-------+---------+---------+-------+---------
